 Dungeon Crawl Stone Soup version 0.25-a0-265-g7af84ae0ac (webtiles) character file.

Game seed: 10589072254753021018, levelgen mode: deterministic

6364 floatRand the Fortune-Teller (level 10, 0/70 HPs)
             Began as a Demonspawn Fighter on Dec 7, 2019.
             Was a Believer of Nemelex Xobeh.
             Slain by Grum
             ... wielding a +1 halberd
              (13 damage)
             ... on level 10 of the Dungeon.
             The game lasted 00:14:55 (8903 turns).

floatRand the Fortune-Teller (Demonspawn Fighter)   Turns: 8903, Time: 00:14:57

Health: 0/70       AC: 18    Str: 16    XL:     10   Next: 65%
Magic:  17/17      EV:  8    Int: 10    God:    Nemelex Xobeh [**....]
Gold:   429        SH: 11    Dex: 16    Spells: 9/9 levels left

rFire    . . .     SeeInvis .   u - +3 falchion
rCold    + . .     Gourm    .   c - +0 shield
rNeg     . . .     Faith    .   b - +0 scale mail
rPois    .         Spirit   .   (no helmet)
rElec    .         Reflect  .   O - +0 cloak
rCorr    .         Harm     .   L - +1 pair of gloves
MR       .....                  g - +1 pair of boots
Stlth    +.........             (no amulet)
HPRegen  0.21/turn              m - ring of protection from cold
MPRegen  0.15/turn              G - ring of stealth

@: sanguine armour, slowed, very slow
A: demonic guardian 1, spiny 3, sanguine armour 1
a: Draw Escape, Draw Destruction, Draw Summoning, Renounce Religion


You were on level 10 of the Dungeon.
You worshipped Nemelex Xobeh.
Nemelex Xobeh was pleased with you.
You were not hungry.

You visited 2 branches of the dungeon, and saw 11 of its levels.
You also visited: Sewer.

You collected 429 gold pieces.

Inventory:

Hand Weapons
 a - a +0 trident
 u - a +3 falchion (weapon)
 v - a +0 battleaxe
Missiles
 i - 2 throwing nets (quivered)
Armour
 b - a +0 scale mail (worn)
 c - a +0 shield (worn)
 g - a +1 pair of boots (worn)
 L - a +1 pair of gloves (worn)
 O - a +0 cloak (worn)
Jewellery
 m - a ring of protection from cold (left hand)
 C - an uncursed ring of wizardry {unknown}
 G - a ring of stealth (right hand)
 H - a cursed -2 ring of strength {unknown}
Wands
 w - a wand of iceblast (22)
 y - a wand of polymorph (10)
 D - a wand of random effects (17)
 J - a wand of disintegration (15)
 N - a wand of clouds (5)
Scrolls
 e - 2 scrolls of immolation
 j - 4 scrolls of teleportation
 l - 3 scrolls of fear
 n - a scroll of brand weapon {unknown}
 q - 3 scrolls of magic mapping
 x - 2 scrolls of enchant armour
 z - 3 scrolls of identify
 I - 2 scrolls of vulnerability {unknown}
 K - a scroll of remove curse
Potions
 d - 2 potions of lignification
 h - 3 potions of heal wounds
 k - 3 potions of ambrosia
 o - 3 potions of flight
 p - 5 potions of might
 r - a potion of haste {unknown}
 s - 3 potions of curing {unknown}
 t - 3 potions of brilliance {unknown}
 A - 3 potions of invisibility {unknown}
 B - a potion of magic {unknown}
 E - 2 potions of agility {unknown}
Comestibles
 f - 17 rations


   Skills:
 - Level 3.0 Fighting
 * Level 6.5 Long Blades
 - Level 7.7 Polearms
 - Level 2.6 Armour
 + Level 9.3 Shields
 * Level 9.4 Invocations


You had 9 spell levels left.
You didn't know any spells.
Your spell library contained the following spells:

 Spells                   Type           Power        Failure   Level  Hunger
 Foxfire                  Conj/Fire      #...         96%         1    ##.....
 Sting                    Tmut/Pois      #...         96%         1    ##.....
 Poisonous Vapours        Pois/Air       #.....       99%         2    ###....
 Conjure Flame            Conj/Fire      #.......     100%        3    ####...
 Ignite Poison            Fire/Tmut/Pois #.......     100%        3    ####...
 Inner Flame              Hex/Fire       #.......     100%        3    ####...
 Mephitic Cloud           Conj/Pois/Air  #.......     100%        3    ####...
 Olgreb's Toxic Radiance  Pois           #.......     100%        4    #####..
 Sticky Flame             Conj/Fire      #.......     100%        4    #####..
 Fireball                 Conj/Fire      #.........   100%        5    ######.


Dungeon Overview and Level Annotations

Branches:
Dungeon (10/15)            Temple (1/1) D:4           Sewer (visited)
   Lair: D:8-11         Orc: D:9-12

Altars:
Ashenzari
Cheibriados
Dithmenos
Elyvilon
Fedhas
Gozag
Hepliaklqana
Kikubaaqudgha
Makhleb
Nemelex Xobeh
Okawaru
Qazlal
Ru
Sif Muna
Trog
Uskayaw
Vehumet
Wu Jian
Xom
Yredelemnul
Zin
The Shining One

Annotations:
D:10 Grum


Innate Abilities, Weirdness & Mutations

A weak demonic guardian rushes to your aid.
You are completely covered in sharp spines.
When seriously injured, your bleeding wounds create armour. (AC +6)


Message History

The wraith drains floatRand's illusion's vigour!
FloatRand's illusion seems to slow down.
FloatRand's illusion hits the wraith!
The wraith hits floatRand's illusion but does no damage.
The wraith closely misses you.
Grum hits you from afar with a +1 halberd!
* * * LOW HITPOINT WARNING * * *
FloatRand's illusion hits the wraith.
You draw a card...
You have drawn the Orb.
Press: ? - help, Shift-Dir - straight line, f - Grum
Aim: Grum, wielding a +1 halberd and wearing a +2 animal skin The wavering orb of destruction hits Grum!!
Grum is severely wounded.
The wraith hits floatRand's illusion but does no damage.
You block the wraith's attack.
Grum bares his teeth.
Grum hits you from afar with a +1 halberd!
You die...
Your body disappears without a glow.

#### #### #..# #..# #..#
#..# #..# #..# #..# #..# .
#..# #..#
..#######@.####..#########
.......)○W.........).(÷...
......@†g..........((.÷...
......W.#########((#####..
........# #††# . ........#
#..# ........# #.<#
........# #..# ........#
#..#


You could see Grum, 2 wraiths and the friendly floatRand's illusion.

Vanquished Creatures
  An unseen horror (D:10)
  Joseph (D:10)
  Sigmund (D:4)
  2 wraiths (D:10)
  A spriggan (D:8)
  A fire bat (D:9)
  2 hungry ghosts
  Duvessa (D:4)
  A porcupine (D:9)
  2 sky beasts
  An ice beast (D:6)
  A black bear (D:7)
  3 phantoms
  4 ogres
  2 wolves (D:10)
  2 centaurs
  2 big kobolds
  2 bullfrogs (D:8)
  A wyvern zombie (D:8)
  A wyvern skeleton (D:8)
  Dowan (D:4)
  A scorpion (D:9)
  6 killer bees
  A howler monkey (D:8)
  3 crimson imps (D:6)
  A bullfrog zombie (D:7)
  2 hounds
  7 orc priests
  A bullfrog skeleton (D:7)
  3 centaur skeletons
  A jelly (D:5)
  An iguana (D:8)
  6 orc wizards
  7 worker ants
  A worker ant zombie (D:5)
  A gnoll (D:1)
  14 adders
  A howler monkey skeleton (D:5)
  A white imp (D:6)
  6 oozes
  6 worms
  5 dart slugs
  3 leopard geckos
  13 orcs
  4 ball pythons
  8 bats
  A giant cockroach (D:4)
  7 goblins
  10 hobgoblins
  13 jackals
  4 quokkas
  3 frilled lizards
  26 kobolds
  10 rats
210 creatures vanquished.

Vanquished Creatures (collateral kills)
  A wyvern (D:8)
  Edmund (D:5)
  A phantom (D:4)
  A wolf (D:10)
  A big kobold (Sewer)
  A killer bee (D:10)
  A howler monkey (D:9)
  A centaur zombie (D:10)
  2 orc priests
  A worker ant (D:7)
  2 orcs
13 creatures vanquished.

Vanquished Creatures (others)
  Josephine (D:10)
  A killer bee (D:9)
  A ball lightning (D:9)
  2 orcs (D:9)
5 creatures vanquished.

Grand Total: 228 creatures vanquished

Notes
Turn   | Place    | Note
-------+----------+-------------------------------------------
     0 | D:1      | floatRand the Demonspawn Fighter began the quest for the
                  | Orb.
     0 | D:1      | Reached XP level 1. HP: 18/18 MP: 1/1
    27 | D:1      | Gained mutation: When seriously injured, your bleeding
                  | wounds create armour. (AC +6) [demonic ancestry]
    27 | D:1      | Reached XP level 2. HP: 12/24 MP: 2/2
   229 | D:1      | Reached XP level 3. HP: 14/29 MP: 3/3
   802 | D:2      | HP: 1/29 [dart slug (2)]
   803 | D:2      | Reached XP level 4. HP: 1/35 MP: 4/4
  1322 | D:2      | Found an opulent altar of Gozag.
  1861 | D:3      | Found a glowing drain.
  1897 | D:3      | Gained mutation: A weak demonic guardian rushes to your
                  | aid. [demonic ancestry]
  1897 | D:3      | Reached XP level 5. HP: 15/41 MP: 5/5
  2035 | Sewer    | Entered a sewer
  2448 | Sewer    | Reached XP level 6. HP: 38/47 MP: 6/6
  2907 | D:4      | Reached skill level 5 in Shields
  3592 | D:4      | Reached skill level 5 in Polearms
  3592 | D:4      | Gained mutation: You are partially covered in sharp spines.
                  | [demonic ancestry]
  3592 | D:4      | Reached XP level 7. HP: 34/52 MP: 7/7
  3981 | D:4      | Noticed Duvessa
  3984 | D:4      | Noticed Dowan
  3988 | D:4      | Killed Duvessa
  3994 | D:4      | Killed Dowan
  4151 | D:4      | Noticed Sigmund
  4157 | D:4      | Killed Sigmund
  4157 | D:4      | Gained mutation: You are mostly covered in sharp spines.
                  | [demonic ancestry]
  4157 | D:4      | Reached XP level 8. HP: 44/58 MP: 8/8
  4180 | D:4      | Found a staircase to the Ecumenical Temple.
  4293 | Temple   | Entered the Ecumenical Temple
  4423 | D:4      | Found a shadowy altar of Dithmenos.
  4817 | D:5      | Entered Level 5 of the Dungeon
  5050 | D:5      | Noticed Edmund
  5061 | D:5      | Killed Edmund
  5086 | D:5      | Found a hide-covered altar of Uskayaw.
  5087 | D:5      | Found a shimmering blue altar of Sif Muna.
  5895 | D:6      | Found an ancient bone altar of Kikubaaqudgha.
  6190 | D:7      | Found a sparkling altar of Nemelex Xobeh.
  6208 | D:7      | Became a worshipper of Nemelex Xobeh the Trickster
  6214 | D:7      | Received a gift from Nemelex Xobeh
  6297 | D:7      | Reached skill level 1 in Invocations
  6305 | D:7      | Reached skill level 1 in Long Blades
  6305 | D:7      | Gained mutation: You are completely covered in sharp
                  | spines. [demonic ancestry]
  6305 | D:7      | Reached XP level 9. HP: 42/63 MP: 8/10
  7090 | D:8      | Reached * piety under Nemelex Xobeh
  7303 | D:8      | Received a gift from Nemelex Xobeh
  7468 | D:8      | Reached skill level 5 in Invocations
  7666 | D:8      | Reached ** piety under Nemelex Xobeh
  8004 | D:9      | Received a gift from Nemelex Xobeh
  8238 | D:9      | Noticed Maurice
  8251 | D:9      | Noticed Maurice
  8251 | D:9      | Maurice changed into Maurice the fire bat
  8254 | D:9      | Killed Maurice the fire bat
  8254 | D:9      | Reached XP level 10. HP: 51/70 MP: 15/15
  8626 | D:10     | Entered Level 10 of the Dungeon
  8639 | D:10     | Noticed Joseph
  8647 | D:10     | Reached skill level 5 in Long Blades
  8656 | D:10     | Killed Joseph
  8704 | D:10     | Killed an unseen horror
  8880 | D:10     | Noticed Grum
  8886 | D:10     | Noticed Josephine
  8897 | D:10     | Killed Josephine
  8903 | D:10     | Slain by Grum

Levels and vault maps discovered:
D:1:      mrwooster_arrival_statue_3, layout_rooms, st_stairs_5
D:2:      layout_basic, nicolae_gozag_cash_rules_everything_around_me
D:3:      layout_basic, serial_glass, glass_columns_a, glass_columns_b,
          glass_columns_c, glass_columns_c, cheibrodos_sewer_entry_drain
D:4:      layout_basic, temple_pool_b, grunt_dithmenos_shadows, uniq_sigmund,
          uniq_duvessa
D:5:      layout_rooms, grunt_temple_overflow_open, first_ration, uniq_edmund
D:6:      layout_loops_ring, lemuel_round_altar, minmay_fire_ice_demons
D:7:      layout_rooms, nemelex_xobeh_ov_fountains_minmay
D:8:      layout_gridville, the_bakery
D:9:      layout_cave_pools, lemuel_old_faithful, uniq_maurice
D:10:     layout_small_grid, gammafunk_ghost_smash, uniq_joseph, uniq_josephine,
          uniq_grum
Temple:   regret_index_temple_mists

Skill      XL: |  1  2  3  4  5  6  7  8  9 10 |
---------------+-------------------------------+-----
Polearms       | 2 3 4 5 6 7 |  7.7
Shields        | 3 4 5 6 8 9 |  9.3
Invocations    | 1 7 9 |  9.4
Long Blades    | 1 4 6 |  6.5
Fighting       | |  3.0
Armour         | |  2.6

Action                   |  1- 3 |  4- 6 |  7- 9 | 10-12 || total
-------------------------+-------+-------+-------+-------++-------
Melee: Trident           |   186 |   276 |       |       ||   462
       Battleaxe         |       |    11 |    44 |       ||    55
       Falchion          |       |       |   242 |    59 ||   301
 Abil: Draw Destruction  |       |       |    10 |     4 ||    14
       Draw Summoning    |       |       |       |     2 ||     2
  Use: Potion            |     2 |     1 |     1 |       ||     4
       Scroll            |     2 |     7 |     5 |     1 ||    15
 Stab: Distracted        |       |       |     4 |     1 ||     5
  Eat: Chunk             |       |    10 |    12 |       ||    22
       Ration            |       |       |     2 |     1 ||     3
Armor: Scale mail        |   163 |    92 |   108 |    31 ||   394
Dodge: Dodged            |    93 |    64 |    80 |    13 ||   250
Block: Shield            |   118 |   121 |   116 |    56 ||   411
       Rpst.: Falchion   |       |       |    17 |     5 ||    22

Table legend:
 A = Non-vault XP
 B = Vault XP
 C = Vault XP percentage of total XP
 D = Non-vault monster count
 E = Vault monster count
 F = Vault count percentage of total count
                 A         B        C        D         E       F
            +---------+---------+-------+---------+---------+-------
      Total |    5650 |    3442 |  37.9 |     182 |      44 |  19.5
            +---------+---------+-------+---------+---------+-------
        D:1 |      51 |      19 |  27.1 |      26 |       4 |  13.3
        D:2 |     102 |       0 |   0.0 |      30 |       0 |   0.0
        D:3 |      35 |      11 |  23.9 |      10 |       3 |  23.1
        D:4 |     682 |     526 |  43.5 |      22 |       4 |  15.4
        D:5 |     120 |     130 |  52.0 |       6 |       1 |  14.3
        D:6 |     584 |      60 |   9.3 |      15 |       2 |  11.8
        D:7 |     958 |       0 |   0.0 |      20 |       0 |   0.0
        D:8 |     986 |     168 |  14.6 |      23 |       1 |   4.2
        D:9 |     942 |     187 |  16.6 |      21 |       1 |   4.5
       D:10 |    1190 |    2103 |  63.9 |       9 |       7 |  43.8
      Sewer |       0 |     238 | 100.0 |       0 |      21 | 100.0
            +---------+---------+-------+---------+---------+-------
